 Dungeon Crawl Stone Soup version 0.31.0-11-ge490571c62 (webtiles) character file.

Game seed: 13547164237899665969

18 qw the Shooter (level 2, 0/16 HPs)
             Began as a Deep Elf Hunter on Feb 3, 2024.
             Succumbed to their own poison gas
             ... on level 1 of the Dungeon.
             The game lasted 00:00:11 (767 turns).

qw the Shooter (Deep Elf Hunter)                     Turns: 767, Time: 00:00:11

Health: 0/16       AC:  8    Str:  8    XL:     2   Next: 51%
Magic:  4/4        EV: 10    Int: 13    God:
Gold:   54         SH:  0    Dex: 18    Spells: 1/1 levels left

rFire   . . .        a - +0 shortbow
rCold   . . .        (shield currently unavailable)
rNeg    . . .        h - +0 ring mail
rPois   .            d - +2 hat
rElec   .            e - +0 cloak
rCorr   .            (no gloves)
SInv    .            (no boots)
Will    .....        (no amulet)
Stlth   +            (no ring)
HPRegen 0.22/turn    (no ring)
MPRegen 0.09/turn

%: no passive effects
@: lethally poisoned (0 -> -2)
A: no striking features
a: no special abilities


You were on level 1 of the Dungeon.
You visited 1 branch of the dungeon, and saw 1 of its levels.

You collected 54 gold pieces.


   Skills:
 - Level 1.5 Fighting
 + Level 6.3 Ranged Weapons
 - Level 2.4 Dodging
 - Level 1.2 Stealth


You had one spell level left.
You didn't know any spells.
Your spell library was empty.

Inventory:

Hand Weapons
 a - a +0 shortbow (weapon)
Armour
 d - a +2 hat (worn)
 e - a +0 cloak (worn)
 h - a +0 ring mail (worn)
Scrolls
 g - a scroll of teleportation
Potions
 i - a potion of ambrosia {unknown}

Dungeon Overview and Level Annotations

Branches:
Dungeon (1/15)

Altars:


Message History

757 ||| READING scroll labelled DEZIPLAMM.
The air fills with toxic fumes!
As you read the scroll labelled DEZIPLAMM, it crumbles to dust.
It was a scroll of poison.
Done exploring.
758 ||| DROPPING scroll of butterflies.
You drop a scroll of butterflies.
Done exploring.
What level of the Dungeon? (default 1, ? - help) Sorry, I don't know how to get there.
Enter note:
Enter note:
Enter note:
Enter note:
Enter note:
Enter note:
Enter note:
Enter note:
Enter note:
Enter note:
Enter note:
Enter note: You are engulfed in poison gas.
You are poisoned.
You feel very sick.
760 ||| Stepping ~*~*~tactically~*~*~ (cloud).
You feel sick.
You see here a scroll of butterflies.
There is a lethal amount of poison in your body!
You feel sick.
There is a lethal amount of poison in your body!
You feel sick.
There is a lethal amount of poison in your body!
You feel sick.
There is a lethal amount of poison in your body!
You feel sick.
There is a lethal amount of poison in your body!
You feel sick.
There is a lethal amount of poison in your body!
You feel sick.
There is a lethal amount of poison in your body!
You die...

##### ############ #...#
#¤0@.000¤¤.# #...#######
#¤¤¤¤(¤00¤.# ..........#
#0¤00¤¤000.# ..........#
#¤.0¤¤0000.#
..........####¤¤¤000¤0¤.#
..........+..000¤00¤0¤¤.#
..........###¤.¤0000¤0¤.#
.........)# #¤0¤¤¤¤¤¤0..#
..........###...........###


There were no monsters in sight!

Vanquished Creatures
  A dart slug (D:1)
  A bat (D:1)
  An endoplasm (D:1)
  A giant cockroach (D:1)
  A kobold (D:1)
  A quokka (D:1)
  2 ball pythons (D:1)
  5 goblins (D:1)
  A rat (D:1)
14 creatures vanquished.

Notes
Turn   | Place    | Note
-------+----------+-------------------------------------------
     0 | D:1      | qw the Deep Elf Hunter began the quest for the Orb.
     0 | D:1      | Reached XP level 1. HP: 12/12 MP: 3/3
     0 | D:1      | 0 ||| qw: Version: 0.3-a-155-g5e7d8dd
     0 | D:1      | 0 ||| qw: Game counter: 3495
     0 | D:1      | 0 ||| qw: Melee chars always use a shield: true
     0 | D:1      | 0 ||| qw: God list: Okawaru
     0 | D:1      | 0 ||| qw: Allow faded altars: false
     0 | D:1      | 0 ||| qw: Do Orc after clearing Dungeon:15 true
     0 | D:1      | 0 ||| qw: Do second Lair branch before Depths: true
     0 | D:1      | 0 ||| qw: Lair rune preference: random
     0 | D:1      | 0 ||| qw: Goals: Normal
     0 | D:1      | 0 ||| PLANNING D:1-11
    86 | D:1      | Reached XP level 2. HP: 16/16 MP: 4/4
   141 | D:1      | Reached skill level 6 in Ranged Weapons
   632 | D:1      | 632 ||| UPGRADING to +2 hat.
   637 | D:1      | 637 ||| UPGRADING to +0 cloak.
   642 | D:1      | 642 ||| UPGRADING to +0 ring mail.
   652 | D:1      | 652 ||| DROPPING +0 leather armour.
   653 | D:1      | 653 ||| READING scroll labelled XER ROEHELLAF.
   754 | D:1      | 754 ||| READING 2 scrolls labelled PESEVI SERCHAAS.
   757 | D:1      | 757 ||| READING scroll labelled DEZIPLAMM.
   758 | D:1      | 758 ||| DROPPING scroll of butterflies.
   760 | D:1      | 760 ||| Stepping ~*~*~tactically~*~*~ (cloud).
   762 | D:1      | HP: 4/16 [poisoned by you (poison gas)]
   766 | D:1      | HP: 1/16 [poisoned by you (poison gas)]
   767 | D:1      | Succumbed to their own poison gas

Levels and vault maps discovered:
D:1:      spicycebolla_arrival_xxxplode, layout_basic

Skill      XL: |  1  2 |
---------------+-------+-----
Ranged Weapons | 6 |  6.3
Fighting       | |  1.5
Dodging        | |  2.4
Stealth        | |  1.2

Action                     || total
---------------------------++-------
   Fire: Shortbow          ||    40
    Use: Scroll            ||     3
 Armour: Leather armour    ||     6
  Dodge: Dodged            ||    15

Table legend:
 A = Non-vault XP
 B = Vault XP
 C = Vault XP percentage of total XP
 D = Non-vault monster count
 E = Vault monster count
 F = Vault count percentage of total count
                 A         B        C        D         E       F
            +---------+---------+-------+---------+---------+-------
      Total |      27 |       0 |   0.0 |      14 |       0 |   0.0
            +---------+---------+-------+---------+---------+-------
        D:1 |      27 |       0 |   0.0 |      14 |       0 |   0.0
            +---------+---------+-------+---------+---------+-------
